 Dungeon Crawl Stone Soup version 0.30.1-11-g7821555f0a (webtiles) character file.

Game seed: 17260855680089279044

100 CaptainMV the Ducker (level 4, -1/36 HPs)
             Began as a Naga Wanderer on Nov 6, 2023.
             Slain by Terence the river rat (4 damage)
             ... on level 3 of the Dungeon.
             The game lasted 00:17:24 (1481 turns).

CaptainMV the Ducker (Naga Wanderer)                Turns: 1481, Time: 00:17:25

Health: -1/36      AC:  4    Str: 13    XL:     4   Next: 73%
Magic:  0/7        EV: 10    Int: 13    God:
Gold:   120        SH:  0    Dex: 13    Spells: 3/7 levels left

rFire   + . .        a - +1 dagger
rCold   x . .        (no shield)
rNeg    . . .        d - +2 leather armour
rPois   +            (no helmet)
rElec   .            (no cloak)
rCorr   .            (no gloves)
SInv    +            (no barding)
Will    .....        (no amulet)
Stlth   +            h - ring of fire
HPRegen 0.26/turn    (no ring)
MPRegen 0.10/turn

%: no passive effects
@: short of breath, very slightly contaminated, very slow
A: AC +1, large, see invisible, deformed body, poison resistance, slowness 2,
spit poison 1, naga tail 1
a: Spit Poison


You were on level 3 of the Dungeon.
You visited 1 branch of the dungeon, and saw 3 of its levels.

You collected 120 gold pieces.

Inventory:

Hand Weapons
 a - a +1 dagger (weapon)
 e - a +0 club
Missiles
 i - 5 javelins (quivered)
Armour
 d - a +2 leather armour (worn)
Jewellery
 h - a ring of fire (left hand)
Wands
 l - a wand of polymorph (5)
Scrolls
 b - 2 scrolls of fog
Potions
 c - a potion of berserk rage
 f - a potion of brilliance
 g - a potion of magic {unknown}
 j - 2 potions of haste


   Skills:
 + Level 0.1 Fighting
 + Level 0.5 Short Blades
 + Level 1.1 Armour
 + Level 3.7 Dodging
 + Level 1.2 Stealth
 + Level 2.0 Spellcasting
 + Level 1.6 Conjurations
 + Level 2.5 Air Magic
 + Level 2.0 Evocations


You had 3 spell levels left.
You knew the following spells:

 Your Spells              Type           Power      Damage    Failure   Level
a - Shock                 Conj/Air       24%        1d4       14%         1
b - Vhi's Electric Charg  Tloc/Air       8%         N/A       50%         3

Your spell library contained the following spells:

 Spells                   Type           Power      Damage    Failure   Level


Dungeon Overview and Level Annotations

Branches:
Dungeon (3/15)

Altars:

Shops:
D:2 :

Annotations:
D:3 Terence


Innate Abilities, Weirdness & Mutations

Your serpentine skin is tough. (AC +1)
You have supernaturally acute eyesight. (SInv)
Armour fits poorly on your strangely shaped body.
Your system is resistant to poisons. (rPois)
You cover ground very slowly.
You can spit poison.
You have a snake-like lower body.


Message History

Confirm with . or Enter, or press ? or * to list all spells.
Aiming: Shock (safe; 14% risk of failure)
Press: ? - help, Shift-Dir - straight line, f/p - Terence
Aim: Terence the jelly (moderately wounded, 100% to hit)
The zap hits Terence.
Terence is moderately wounded.
Terence barely misses you.
Casting: Shock (safe; 14% risk of failure)
Confirm with . or Enter, or press ? or * to list all spells.
Aiming: Shock (safe; 14% risk of failure)
Press: ? - help, Shift-Dir - straight line, f/p - Terence
Aim: Terence the jelly (moderately wounded, 100% to hit)
The zap hits Terence.
Terence is moderately wounded.
Terence hits you.
You are splashed with acid.
* * * LOW HITPOINT WARNING * * *
Casting: Shock (safe; 14% risk of failure)
Confirm with . or Enter, or press ? or * to list all spells.
Aiming: Shock (safe; 14% risk of failure)
Press: ? - help, Shift-Dir - straight line, f/p - Terence
Aim: Terence the jelly (moderately wounded, 100% to hit)
You miscast Shock.
You are very lightly contaminated with residual magic.
Nothing appears to happen.
Terence barely misses you.
Unknown command.
Aiming: Spit Poison (1% risk of failure)
Press: ? - help, Shift-Dir - straight line, f/p - Terence
Aim: Terence the jelly (moderately wounded, 100% to hit)
The splash of poison hits Terence.
Terence is heavily wounded.
Terence hits you.
* * * LOW HITPOINT WARNING * * *
You are splashed with acid.
* * * LOW HITPOINT WARNING * * *
Aiming: Polymorph
Press: ? - help, Q - select action, (/) - cycle Shift-Dir - straight line, f/p - Terence
Aim: Terence the jelly (heavily wounded, will become a killer bee, a river rat, or a bat, chance to affect: 63%) Terence the jelly evaporates and reforms as a river rat!
You hit Terence but do no damage. Terence bites you.
You die...

#.........##.# #
#########'#..##.#.#
#......##.#####.#.#
#......##.........#
#......########.###
#....$.# #.# #......#
#.# #..r...# #.#
#..@...# #.#
.####......# #.#
#<.........# #.#
#####......# #.#
#......# #.# #......#
#.# #......# #.#
#########'###########.#
......................#


You could see Terence the river rat.

Vanquished Creatures
  Jessica (D:2)
  4 adders
  A worm (D:2)
  A ball python (D:1)
  4 bats
  5 endoplasms
  3 giant cockroaches (D:1)
  3 goblins
  3 hobgoblins
  2 quokkas (D:1)
  2 frilled lizards
  5 rats
34 creatures vanquished.

Notes
Turn   | Place    | Note
-------+----------+-------------------------------------------
     0 | D:1      | CaptainMV the Naga Wanderer began the quest for the Orb.
     0 | D:1      | CaptainMV set off with the following items: a +0 club, a
                  | scroll of fog, a potion of berserk rage, a +2 leather
                  | armour; and the following spell memorised: Shock; and the
                  | following spells available to memorise: Vhi's Electric
                  | Charge.
     0 | D:1      | Reached XP level 1. HP: 15/15 MP: 2/2
   137 | D:1      | Reached XP level 2. HP: 20/22 MP: 0/3
   239 | D:1      | Found a faded altar of an unknown god.
   804 | D:2      | Reached XP level 3. HP: 15/28 MP: 0/5
   854 | D:2      | Reached skill level 1 in Conjurations
   897 | D:2      | Found Fonn's Vocational Training.
   996 | D:2      | Learned a level 3 spell: Vhi's Electric Charge
  1100 | D:2      | Noticed Jessica
  1115 | D:2      | Killed Jessica
  1116 | D:2      | Reached XP level 4. HP: 36/36 MP: 0/7
  1263 | D:2      | Reached skill level 1 in Stealth
  1471 | D:3      | Noticed Terence
  1473 | D:3      | Terence changed into Terence the jelly
  1473 | D:3      | Noticed Terence
  1480 | D:3      | Terence the jelly changed into Terence the river rat
  1480 | D:3      | Noticed Terence
  1481 | D:3      | Slain by Terence the river rat

Illustrated notes

Levels and vault maps discovered:
D:1:      lemuel_arrival_muddy, layout_loops_cross,
          shapermc_ecumenical_altar_flowoftime
D:2:      layout_loops_ring, nicolae_shop_vocational, uniq_jessica
D:3:      layout_basic, xom_teletrap_fun, uniq_grinder, uniq_terence, uniq_ijyb

Skill      XL: |  1  2  3  4 |
---------------+-------------+-----
Conjurations   | 1 |  1.6
Spellcasting   | 2 |  2.0
Stealth        | 1 |  1.2
Fighting       | |  0.1
Short Blades   | |  0.5
Armour         | |  1.1
Dodging        | |  3.7
Air Magic      | |  2.5
Evocations     | |  2.0

Action                     |  1- 3 |  4- 6 || total
---------------------------+-------+-------++-------
  Melee: Dagger            |    98 |    26 ||   124
  Throw: Javelin           |     2 |       ||     2
   Cast: Shock             |    38 |     9 ||    47
         Vhi's Electric Ch |       |     1 ||     1
Ability: Spit Poison       |    10 |     3 ||    13
  Evoke: Wand              |       |     2 ||     2
    Use: Scroll            |     5 |       ||     5
         Potion            |     1 |     2 ||     3
 Armour: Leather armour    |    59 |    16 ||    75
         Skin              |     8 |       ||     8
  Dodge: Dodged            |    66 |    20 ||    86
